 Dungeon Crawl Stone Soup version 0.27-a0-1149-g4505690ab0 (webtiles) character file.

Game seed: 13338033389831583984

243 Froggeryz the Cudgeller (level 5, -1/64 HPs)
             Began as a Palentonga Berserker on May 13, 2021.
             Was a Believer of Trog.
             Slain by an orc wizard
             ... wielding a +0 dagger
              (4 damage)
             ... on level 4 of the Dungeon.
             The game lasted 00:02:41 (3423 turns).

Froggeryz the Cudgeller (Palentonga Berserker)      Turns: 3423, Time: 00:02:42

Health: -1/64      AC:  5    Str: 22    XL:     5   Next: 82%
Magic:  5/5        EV:  9    Int:  7    God:    Trog [**....]
Gold:   137        SH:  0    Dex:  9    Spells: 4/4 levels left

rFire    . . .     SeeInvis +   a - +0 mace
rCold    . . .     Faith    .   (no shield)
rNeg     . . .     Spirit   .   b - +0 animal skin
rPois    .         Reflect  .   (no helmet)
rElec    .         Harm     .   m - +0 cloak
rCorr    .         Rampage  .   (no gloves)
Will     ++...                  (no barding)
Stlth    ..........             (no amulet)
HPRegen  1.20/turn              (no ring)
MPRegen  0.09/turn              (no ring)

@: berserking (expiring), strong-willed, regenerating, very quick
A: large, rugged brown scales 3, see invisible, deformed body, roll 1, armoured
tail
a: Rolling Charge, Renounce Religion, Berserk, Trog's Hand


You were on level 4 of the Dungeon.
You worshipped Trog.
Trog was pleased with you.
You visited 1 branch of the dungeon, and saw 4 of its levels.

You collected 137 gold pieces.

Inventory:

Hand Weapons
 a - a +0 mace (weapon)
Missiles
 f - 10 boomerangs
 k - 39 poisoned darts (quivered)
Armour
 b - a +0 animal skin (worn)
 m - a +0 cloak (worn)
Wands
 l - a wand of paralysis (7)
Scrolls
 c - a scroll of summoning {unknown}
 e - 3 scrolls of amnesia {unknown}
 h - 2 scrolls of identify
 i - a scroll of fog {unknown}
 j - a scroll of magic mapping
 n - a scroll of fear {unknown}
Potions
 d - a potion of heal wounds {unknown}
 g - a potion of flight {unknown}
 o - a potion of invisibility {unknown}


   Skills:
 - Level 3.0 Fighting
 * Level 6.6 Maces & Flails
 - Level 1.5 Armour
 - Level 1.5 Dodging


You had 4 spell levels left.
You didn't know any spells.
Your spell library was empty.

Dungeon Overview and Level Annotations

Branches:
Dungeon (4/15)
 Temple: D:4-7

Altars:

Shops:
D:2 (


Innate Abilities, Weirdness & Mutations

You are completely covered in rugged brown scales. (AC +3, +7% HP)
You have supernaturally acute eyesight. (SInv)
Armour fits poorly on your strangely shaped body.
You can roll at nearby foes to attack.
You have a long armoured tail.


Message History

You are too injured to fight recklessly!
You are too injured to fight recklessly!
You sock the orc wizard!
The orc wizard is severely wounded.
The giant cockroach bites you but does no damage.
The orc hits you with a +0 morningstar. The orc wizard barely misses you.
You barely miss the orc wizard.
The orc wizard is moderately wounded.
The orc wizard hits you with a +0 dagger.
* * * LOW HITPOINT WARNING * * *
The giant cockroach bites you.
* * * LOW HITPOINT WARNING * * *
The orc hits you with a +0 morningstar.
* * * LOW HITPOINT WARNING * * *
The orc wizard hits you but does no damage.
You sock the orc wizard!
You feel the power of Trog in you as your rage grows.
You kill the orc wizard!
Trog accepts your kill.
Trog appreciates your killing of a magic user.
The orc wizard closely misses you. The giant cockroach barely misses you.
Unknown command.
You barely miss the orc wizard.
The orc wizard is moderately wounded.
The orc barely misses you.
You thump the orc wizard!
The orc wizard is severely wounded.
The giant cockroach closely misses you.
The orc wizard gestures at you while chanting.
The puff of flame hits you!
* * * LOW HITPOINT WARNING * * *
The endoplasm freezes you.
You are frozen.
* * * LOW HITPOINT WARNING * * *
The orc barely misses you.
You barely miss the orc wizard.
Your tail-slap misses the orc wizard.
The orc wizard is severely wounded.
The giant cockroach bites you but does no damage.
The orc wizard hits you with a +0 dagger.
You die...

######+######
#...........###
#...(......... +
####...(.......# ..#
#..............###$..#
#.............oJ.....#
#.#
#.............@o.....#
#.#
#..............B..####
#.#
#.....#############
#.# #.....# #.#
#.....# ##.# #.....#
#... #.....## ##.)#
#......## #....
######..# #########
#....


You could see an orc wizard, an orc, an endoplasm and a giant cockroach.

Vanquished Creatures
  A sky beast (D:2)
  An orc priest (D:4)
  An orc wizard (D:4)
  3 adders
  An adder skeleton (D:4)
  A worm (D:3)
  A dart slug (D:1)
  An orc (D:4)
  2 bats
  4 endoplasms
  3 giant cockroaches
  6 goblins
  2 hobgoblins
  7 jackals (D:1)
  5 quokkas
  2 ball pythons (D:2)
  15 frilled lizards
  6 kobolds
  4 rats
66 creatures vanquished.

Vanquished Creatures (others)
  7 plants (D:3)
7 creatures vanquished.

Grand Total: 73 creatures vanquished

Notes
Turn   | Place    | Note
-------+----------+-------------------------------------------
     0 | D:1      | Froggeryz the Palentonga Berserker began the quest for the
                  | Orb.
     0 | D:1      | Reached XP level 1. HP: 19/19 MP: 1/1
   301 | D:1      | Reached XP level 2. HP: 21/25 MP: 2/2
   524 | D:1      | Reached skill level 4 in Maces & Flails
   831 | D:1      | Reached XP level 3. HP: 29/31 MP: 3/3
  1319 | D:2      | Reached ** piety under Trog
  1816 | D:2      | Found Feodwoi's Antique Weapon Emporium.
  1842 | D:2      | Noticed a sky beast
  1847 | D:2      | Killed a sky beast
  1848 | D:2      | Reached skill level 5 in Maces & Flails
  1848 | D:2      | Reached XP level 4. HP: 37/37 MP: 4/4
  1848 | D:2      | Reached XP level 5. HP: 43/43 MP: 5/5
  2818 | D:3      | Reached skill level 6 in Maces & Flails
  3170 | D:3      | Found a faded altar of an unknown god.
  3422 | D:4      | HP: 2/64 [frozen (5)]
  3423 | D:4      | Slain by an orc wizard

Illustrated notes

Levels and vault maps discovered:
D:1:      dpeg_arrival_round_a, layout_basic, minmay_pentomino_u4
D:2:      layout_basic, serial_shops, nicolae_shop_behind_doors
D:3:      layout_basic, shapermc_ecumenical_altar_mp_urbaneastern,
          minmay_lizard_king
D:4:      wander_river, layout_basic

Skill      XL: |  1  2  3  4  5 |
---------------+----------------+-----
Maces & Flails | 4 5 6 |  6.6
Fighting       | |  3.0
Armour         | |  1.5
Dodging        | |  1.5

Action                   |  1- 3 |  4- 6 || total
-------------------------+-------+-------++-------
Melee: Mace              |    98 |    70 ||   168
       Tailslap          |    10 |     5 ||    15
Invok: Berserk           |     1 |     1 ||     2
       Trog's Hand       |       |     1 ||     1
  Use: Scroll            |     3 |       ||     3
 Stab: Sleeping          |     1 |       ||     1
Armor: Animal skin       |    39 |    37 ||    76
Dodge: Dodged            |    36 |    57 ||    93

Table legend: (Time is in decaauts)
 A = Elapsed time spent in this place.
 B = Non-inter-level travel time spent in this place.
 C = Inter-level travel time spent in this place.
 D = Time resting spent in this place.
 E = Time spent auto-exploring this place.
 F = Levels seen in this place.
 G = Mean time per level.
                   A        B        C        D        E       F      G
               +--------+--------+--------+--------+--------+-----+--------+
         Total |   3460 |   3425 |     35 |     46 |   2966 |   4 |  865.0 |
       Dungeon |   3460 |   3425 |     35 |     46 |   2966 |   4 |  865.0 |
               +--------+--------+--------+--------+--------+-----+--------+

Top non-repeatable levels by time:
     D:2: 1407 daAuts
     D:1: 1219 daAuts
     D:3: 665 daAuts
     D:4: 169 daAuts
